 Dungeon Crawl Stone Soup version 0.27.0-1-g7a089689b8 (webtiles) character file.

Game seed: 17074273521092353185

502 Ozzies the Skirmisher (level 6, -3/55 HPs)
             Began as a Palentonga Earth Elementalist on Aug 2, 2021.
             Slain by emme's ghost (8 damage)
             ... on level 2 of the Dungeon.
             The game lasted 00:09:30 (6206 turns).

Ozzies the Skirmisher (PaEE)                        Turns: 6206, Time: 00:09:30

Health: -3/55      AC:  4    Str: 13    XL:     6   Next: 95%
Magic:  8/9        EV: 10    Int: 16    God:
Gold:   44         SH:  0    Dex: 10    Spells: 8/9 levels left

rFire    . . .     SeeInvis +     - Unarmed
rCold    . . .     Faith    .   (no shield)
rNeg     . . .     Spirit   .   b - +0 robe
rPois    .         Reflect  .   (no helmet)
rElec    .         Harm     .   (no cloak)
rCorr    .         Rampage  .   (no gloves)
Will     .....                  (no barding)
Stlth    +.........             (no amulet)
HPRegen  0.18/turn              e - ring of wizardry
MPRegen  0.11/turn              (no ring)

@: studying Hexes
A: large, rugged brown scales 3, see invisible, deformed body, roll 1, armoured
tail
a: Rolling Charge


You were on level 2 of the Dungeon.
You visited 1 branch of the dungeon, and saw 3 of its levels.

You collected 44 gold pieces.

Inventory:

Missiles
 a - 28 sling bullets
 h - a throwing net {!f}
Armour
 b - a +0 robe (worn)
Jewellery
 d - a ring of fire
 e - a ring of wizardry (left hand)
 f - a +4 ring of evasion
Scrolls
 j - a scroll of identify {@r1}
Potions
 g - a potion of curing {@q1 !q}
 i - a potion of degeneration {unknown}


   Skills:
 * Level 5.6 Fighting
 - Level 2.0 Dodging
 - Level 1.2 Stealth
 + Level 3.9 Unarmed Combat
 - Level 2.0 Spellcasting
 - Level 1.0 Transmutations
 - Level 2.6 Earth Magic


You had 8 spell levels left.
You knew the following spells:

 Your Spells              Type           Power      Damage    Failure   Level
a - Sandblast             Erth           20%        2d7       2%          1

Your spell library contained the following spells:

 Spells                   Type           Power      Damage    Failure   Level
 Passwall                 Tmut/Erth      5%         N/A       6%          2
 Stone Arrow              Conj/Erth      10%        3d7       14%         3
 Ignite Poison            Fire/Tmut/Pois 2%         N/A       21%         3
 Mephitic Cloud           Conj/Pois/Air  1%         N/A       24%         3
 Petrify                  Tmut/Erth      7%         N/A       34%         4
 Bolt of Magma            Conj/Fire/Erth 2%         4d4       82%         5


Dungeon Overview and Level Annotations

Branches:
Dungeon (3/15)

Altars:
Gozag
Xom

Shops:
D:3 (

Annotations:
D:2 emme's ghost, weakling DsGl


Innate Abilities, Weirdness & Mutations

You are completely covered in rugged brown scales. (AC +3, +7% HP)
You have supernaturally acute eyesight. (SInv)
Armour fits poorly on your strangely shaped body.
You can roll at nearby foes to attack.
You have a long armoured tail.


Message History

You are too injured to fight recklessly!
You are too injured to fight recklessly!
You are too injured to fight recklessly!
You are too injured to fight recklessly!
You are too injured to fight recklessly!
You are too injured to fight recklessly!
Okay, then.
The giant cockroach closely misses you.
There is a stone staircase leading up, spattered with blood here.
The endoplasm completely misses you.
You climb upwards.
Level annotation: exclusion: downstairs
There is a stone staircase leading down here.
You are too injured to fight recklessly!
You hit the endoplasm.
You kill the endoplasm!
Press: ? - help, v - describe, . - travel A stone staircase leading down.
Removed exclusion.
You start resting.
HP restored.
You climb downwards.
Level annotation: emme's ghost, weakling DsGl
There is a stone staircase leading up, spattered with blood here.
The white imp shouts, "Leave, thou baffled weevil-witted apple-john!"
Emme's ghost says, "Try not to bleed too much."
Emme's ghost hits you but does no damage.
The white imp barely misses you.
You climb upwards.
There is a stone staircase leading down here.
Casting: Sandblast (safe; 2% risk of failure)
Confirm with . or Enter, or press ? or * to list all spells.
Aiming: Sandblast (safe; 2% risk of failure)
Press: ? - help, Shift-Dir - straight line, f - emme's ghost
Aim: emme's ghost, wielding a weapon of flaming (74% to hit)
The blast of sand hits emme's ghost.
Emme's ghost is lightly damaged.
Emme's ghost hits you. Emme's ghost burns you.
You punch emme's ghost!
Emme's ghost is moderately damaged.
Emme's ghost hits you. Emme's ghost burns you.
You hit emme's ghost.
Emme's ghost is moderately damaged.
Emme's ghost barely misses you.
You closely miss emme's ghost.
Emme's ghost is moderately damaged.
Emme's ghost hits you! Emme's ghost burns you.
You closely miss emme's ghost.
Emme's ghost is moderately damaged.
Emme's ghost hits you. Emme's ghost burns you.
You hit emme's ghost. You tail-slap emme's ghost.
Emme's ghost is heavily damaged.
Emme's ghost hits you. Emme's ghost burns you.
You hit emme's ghost.
Emme's ghost is heavily damaged.
Emme's ghost hits you. Emme's ghost burns you.
You hit emme's ghost.
Emme's ghost is severely damaged.
Emme's ghost hits you. Emme's ghost burns you.
You barely miss emme's ghost.
Emme's ghost is severely damaged.
Emme's ghost wails.
Emme's ghost misses you.
Casting: Sandblast (safe; 2% risk of failure)
Confirm with . or Enter, or press ? or * to list all spells.
Aiming: Sandblast (safe; 2% risk of failure)
Press: ? - help, Shift-Dir - straight line, f/p - emme's ghost
Aim: emme's ghost, wielding a weapon of flaming (severely damaged, 74% to hit)
The blast of sand hits emme's ghost.
Emme's ghost is severely damaged.
You now have no stones remaining.
Emme's ghost hits you.
* * * LOW HITPOINT WARNING * * *
Emme's ghost burns you.
* * * LOW HITPOINT WARNING * * *
Casting: Sandblast (safe; 2% risk of failure)
Confirm with . or Enter, or press ? or * to list all spells.
You don't have any stones to cast with.
Unknown command.
Casting: Sandblast (safe; 2% risk of failure)
Confirm with . or Enter, or press ? or * to list all spells.
You don't have any stones to cast with.
Unknown command.
Okay, then.
Really quaff
g - 2 potions of curing {@q1 !q}?
You feel better. Emme's ghost hits you!
* * * LOW HITPOINT WARNING * * *
Emme's ghost burns you.
* * * LOW HITPOINT WARNING * * *
You closely miss emme's ghost.
Emme's ghost is severely damaged.
You barely miss emme's ghost.
Emme's ghost is severely damaged.
Emme's ghost hits you.
* * * LOW HITPOINT WARNING * * *
Emme's ghost burns you.
* * * LOW HITPOINT WARNING * * *
You closely miss emme's ghost.
Emme's ghost is severely damaged.
Emme's ghost hits you!
You die...

############
#..........#
#.########.#
#.##.# #.# #....#
#.# ####.# #.#
########)#####[###
......)........W@#
########.....#.#)#
#...#/#.#.#
#...#.#.#.#
#...#.#.#.#
#...#...#.#
#.......#.#
##..###.#.#
#....#.#.#


You could see emme's ghost.

Vanquished Creatures
  Grinder (D:3)
  A hound (D:3)
  An orc priest (D:3)
  Natasha (thrice) (D:2)
  An orc wizard (D:2)
  3 adders
  6 gnolls
  A worm (D:2)
  A dart slug (D:3)
  4 orcs
  5 bats
  7 endoplasms
  2 giant cockroaches
  5 goblins
  4 hobgoblins
  8 jackals
  6 quokkas
  5 ball pythons
  5 frilled lizards
  4 kobolds
  4 rats
77 creatures vanquished.

Notes
Turn   | Place    | Note
-------+----------+-------------------------------------------
     0 | D:1      | Ozzies the Palentonga Earth Elementalist began the quest
                  | for the Orb.
     0 | D:1      | Reached XP level 1. HP: 13/13 MP: 3/3
   521 | D:1      | Reached skill level 1 in Fighting
   584 | D:1      | Reached XP level 2. HP: 13/22 MP: 3/5
   981 | D:1      | Reached skill level 1 in Unarmed Combat
  1550 | D:1      | Reached XP level 3. HP: 28/28 MP: 6/6
  1863 | D:2      | Reached skill level 2 in Fighting
  2210 | D:2      | Found a shimmering altar of Xom.
  2825 | D:2      | Noticed Natasha
  2832 | D:2      | Killed Natasha
  2833 | D:2      | Reached XP level 4. HP: 36/36 MP: 0/7
  3069 | D:2      | Noticed Natasha
  3074 | D:2      | Killed Natasha
  3075 | D:2      | Reached skill level 3 in Fighting
  3220 | D:2      | Noticed Natasha
  3226 | D:2      | Killed Natasha
  3390 | D:3      | Found a runed translucent gate.
  3390 | D:3      | Found a runed translucent gate.
  3390 | D:3      | Found an opulent altar of Gozag.
  3393 | D:3      | Found a runed translucent gate.
  3395 | D:3      | Noticed emme's ghost (weakling DsGl)
  3416 | D:2      | Reached XP level 5. HP: 38/43 MP: 4/8
  3877 | D:3      | Found Itotumet's Weapon Shop.
  3939 | D:3      | Reached skill level 4 in Fighting
  4268 | D:2      | HP: 2/44 [gnoll (5)]
  5145 | D:3      | Reached XP level 6. HP: 35/52 MP: 9/9
  5291 | D:3      | Noticed Grinder
  5292 | D:3      | Paralysed by Grinder for 2 turns
  5312 | D:3      | Killed Grinder
  5313 | D:3      | Reached skill level 5 in Fighting
  5503 | D:3      | HP: 2/54 [poisoned by an adder]
  6206 | D:2      | Slain by emme's ghost

Illustrated notes

Levels and vault maps discovered:
D:1:      wheals_arrival_linesprint, layout_basic
D:2:      layout_basic, basic_altar, uniq_natasha
D:3:      layout_rooms, ebering_ghost_gozag, serial_shops, shop,
          interstate_on_off, uniq_grinder

Skill      XL: |  1  2  3  4  5  6 |
---------------+-------------------+-----
Fighting       | 1 2 3 4 5 |  5.6
Unarmed Combat | 1 2 3 |  3.9
Dodging        | 2 |  2.0
Stealth        | |  1.2
Spellcasting   | |  2.0
Transmutations | |  1.0
Earth Magic    | |  2.6

Action                   |  1- 3 |  4- 6 || total
-------------------------+-------+-------++-------
Melee: Unarmed           |   173 |   121 ||   294
       Tailslap          |    17 |     9 ||    26
       Punch             |       |     2 ||     2
 Cast: Sandblast         |    35 |    45 ||    80
 Abil: Rolling Charge    |     3 |     5 ||     8
  Use: Scroll            |     3 |       ||     3
       Potion            |       |     1 ||     1
 Stab: Distracted        |     1 |       ||     1
Armor: Robe              |    72 |    35 ||   107
Dodge: Dodged            |    89 |    80 ||   169
